General information
- name: BNet
- type: Ladder team game (AT/RT)
- host: Battle.net
- saver: DSSN
map: GoldRush
- players: 8
- length: 44:28
- speed: Fast
- version: 1.26 W3XP
- replay type: Public
» download(276 KB)
Players
team 1 (loser)

»
Warlord-l- (
teal | 54 APM | 2381 actions | 44:27)
8 Death Knight
3 Death Coil
3 Unholy Aura
1 Animate Dead
1 Death Pact
7 Lich
3 Frost Nova
3 Dark Ritual
1 Death and Decay
1 Warden
1 Fan of Knives
» actions
| Assign group hotkey | 86 | |
| Build / train | 105 | |
| Enter build submenu | 30 | |
| Enter hero's abilities submenu | 15 | |
| Give item / drop item | 6 | |
| Right click | 1422 | |
| Select / deselect | 455 | |
| Select group hotkey | 152 | |
| Use ability | 110 | |
2381 total
» units
| Acolyte | 12 | |
| Ghoul | 4 | |
| Crypt Fiend | 6 | |
| Obsidian Statue | 1 | |
| Frost Wyrm | 5 | |
| Dryad | 5 | |
| Archer | 8 | |
| Hippogryph | 10 | |
51 total
» upgrades
| Creature Attack | 3 | |
| Creature Carapace | 3 | |
| Web | 1 | |
| Burrow | 1 | |
| Freezing Breath | 1 | |
9 total
» buildings
| Ziggurat | 8 | |
| Graveyard | 2 | |
| Altar of Darkness | 1 | |
| Crypt | 1 | |
| Tomb of Relics | 1 | |
| Necropolis | 3 | |
| Halls of the Dead | 3 | |
| Spirit Tower | 3 | |
| Slaughterhouse | 1 | |
| Nerubian Tower | 1 | |
| Black Citadel | 1 | |
| Sacrificial Pit | 1 | |
| Boneyard | 4 | |
| Tree of Life | 4 | |
34 total
» build order
00:58 Ziggurat
01:03 Graveyard
01:04 Altar of Darkness
01:08 Crypt
01:34 Ziggurat
01:39 Tomb of Relics
02:47 Ziggurat
04:45 Necropolis
05:53 Necropolis
06:27 Halls of the Dead
07:24 Ziggurat
07:25 Ziggurat
08:42 Ziggurat
08:43 Ziggurat
08:44 Ziggurat
08:48 Spirit Tower
08:59 Slaughterhouse
10:05 Nerubian Tower
10:06 Spirit Tower
10:08 Spirit Tower
11:05 Black Citadel
12:04 Graveyard
13:26 Sacrificial Pit
14:17 Boneyard
14:18 Boneyard
14:19 Boneyard
14:20 Boneyard
22:46 Halls of the Dead
24:47 Necropolis
28:41 Halls of the Dead
33:58 Tree of Life
37:00 Tree of Life
37:57 Tree of Life
39:27 Tree of Life
» items
| Rod of Necromancy | 2 | |
| Sacrificial Skull | 1 | |
| Boots of Speed | 1 | |
| Potion of Healing | 4 | |
| Dust of Appearance | 2 | |
| Potion of Mana | 3 | |
| Orb of Corruption | 1 | |
| Scroll of Town Portal | 3 | |
| Scroll of Healing | 1 | |
| Scroll of Protection | 1 | |
19 total
Nyzen-PROGAMER (
red | 101 APM | 3227 actions | 31:58)
6 Paladin
2 Holy Light
2 Divine Shield
2 Devotion Aura
» actions
| Assign group hotkey | 14 | |
| Build / train | 103 | |
| Enter build submenu | 37 | |
| Enter hero's abilities submenu | 6 | |
| Remove unit from queue | 5 | |
| Right click | 1929 | |
| Select / deselect | 538 | |
| Select group hotkey | 504 | |
| Use ability | 91 | |
3227 total
» units
| Peasant | 23 | |
| Footman | 5 | |
| Forest Troll Shadow Priest | 1 | |
| Gryphon Rider | 11 | |
| Dragonhawk Rider | 4 | |
| Wisp | 6 | |
50 total
» upgrades
| Swords | 2 | |
| Lumber Harvesting | 2 | |
| Armor | 2 | |
| Animal War Training | 1 | |
| Storm Hammers | 1 | |
8 total
» buildings
| Altar of Kings | 1 | |
| Barracks | 1 | |
| Farm | 8 | |
| Scout Tower | 1 | |
| Arcane Tower | 3 | |
| Keep | 4 | |
| Town Hall | 3 | |
| Blacksmith | 1 | |
| Castle | 2 | |
| Lumber Mill | 1 | |
| Arcane Vault | 1 | |
| Gryphon Aviary | 2 | |
| Tree of Life | 10 | |
38 total
» build order
00:10 Altar of Kings
00:13 Barracks
00:16 Farm
00:59 Farm
01:38 Farm
01:42 Scout Tower
02:09 Arcane Tower
02:10 Arcane Tower
03:05 Keep
03:05 Keep
03:58 Town Hall
04:25 Blacksmith
04:30 Farm
06:02 Castle
06:02 Castle
06:32 Lumber Mill
06:35 Arcane Vault
07:29 Farm
07:53 Gryphon Aviary
08:17 Gryphon Aviary
09:46 Farm
10:38 Farm
11:33 Farm
11:54 Town Hall
16:33 Keep
16:33 Keep
18:11 Town Hall
26:26 Tree of Life
26:33 Tree of Life
26:47 Tree of Life
27:04 Tree of Life
27:12 Tree of Life
27:33 Tree of Life
27:50 Tree of Life
28:09 Tree of Life
30:24 Tree of Life
30:37 Tree of Life
» items
| Scroll of Town Portal | 3 | |
| Boots of Speed | 1 | |
| Potion of Invisibility | 2 | |
6 total

»
Txerkei (
pink | 40 APM | 940 actions | 23:43)
5 Demon Hunter
3 Mana Burn
2 Evasion
2 Warden
1 Shadow Strike
1 Fan of Knives
» actions
| Assign group hotkey | 18 | |
| Build / train | 61 | |
| Enter build submenu | 21 | |
| Enter hero's abilities submenu | 7 | |
| Give item / drop item | 3 | |
| Remove unit from queue | 1 | |
| Right click | 313 | |
| Select / deselect | 208 | |
| Select group hotkey | 266 | |
| Use ability | 42 | |
940 total
» units
| Wisp | 12 | |
| Archer | 4 | |
| Huntress | 9 | |
| Dryad | 11 | |
| Druid of the Claw | 2 | |
| Chimaera | 1 | |
39 total
» upgrades
| Strength of the Moon | 2 | |
| Reinforced Hides | 1 | |
| Abolish Magic | 0 | |
| Moon Armor | 1 | |
| Upgrade Moon Glaive | 1 | |
| Druid of the Claw Training | 2 | |
| Corrosive Breath | 1 | |
8 total
» buildings
| Altar of Elders | 1 | |
| Moon Well | 8 | |
| Ancient of War | 2 | |
| Hunter's Hall | 1 | |
| Tree of Ages | 1 | |
| Ancient of Lore | 1 | |
| Tree of Life | 1 | |
| Tree of Eternity | 1 | |
| Ancient of Wind | 1 | |
| Chimaera Roost | 1 | |
18 total
» build order
00:09 Altar of Elders
00:17 Moon Well
00:23 Ancient of War
01:34 Moon Well
02:36 Hunter's Hall
03:17 Moon Well
04:22 Tree of Ages
04:31 Moon Well
05:17 Ancient of War
05:27 Moon Well
07:33 Moon Well
08:50 Ancient of Lore
10:20 Tree of Life
11:58 Tree of Eternity
12:12 Moon Well
13:50 Moon Well
15:51 Ancient of Wind
19:30 Chimaera Roost
» items
| Periapt of Vitality | 1 | |
| Circlet of Nobility | 1 | |
2 total
1nvictus (
yellow | 56 APM | 1323 actions | 23:47)
4 Keeper of the Grove
2 Entangling Roots
2 Thorns Aura
3 Priestess of the Moon
1 Searing Arrows
2 Trueshot Aura
» actions
| Assign group hotkey | 27 | |
| Basic commands | 11 | |
| Build / train | 61 | |
| Enter build submenu | 17 | |
| Enter hero's abilities submenu | 7 | |
| Give item / drop item | 1 | |
| Remove unit from queue | 1 | |
| Right click | 503 | |
| Select / deselect | 250 | |
| Select group hotkey | 412 | |
| Use ability | 33 | |
1323 total
» units
» upgrades
| Moon Armor | 3 | |
| Strength of the Moon | 3 | |
| Upgrade Moon Glaive | 1 | |
| Nature's Blessing | 1 | |
8 total
» buildings
| Altar of Elders | 1 | |
| Moon Well | 5 | |
| Ancient of War | 5 | |
| Tree of Ages | 1 | |
| Hunter's Hall | 1 | |
| Tree of Eternity | 1 | |
| Ancient Protector | 2 | |
| Ancient of Wonders | 1 | |
17 total
» build order
00:35 Altar of Elders
00:48 Moon Well
01:12 Ancient of War
01:58 Moon Well
04:04 Tree of Ages
04:25 Moon Well
04:33 Hunter's Hall
05:37 Moon Well
05:40 Tree of Ages
09:03 Tree of Eternity
09:10 Ancient Protector
09:17 Ancient of War
09:26 Moon Well
10:25 Ancient of War
10:32 Ancient Protector
13:20 Ancient of Wonders
16:49 Ancient of War
17:04 Ancient of War
» items
| Scroll of Town Portal | 2 | |
| Scroll of Protection | 1 | |
| Scroll of Healing | 2 | |
5 total
team 2 (winner)

»
DSSN (
purple | 95 APM | 4212 actions | 44:28)
8 Blood Mage
3 Flame Strike
3 Siphon Mana
1 Summon Phoenix
1 Banish
» actions
| Assign group hotkey | 37 | |
| Basic commands | 172 | |
| Build / train | 185 | |
| ESC pressed | 5 | |
| Enter build submenu | 83 | |
| Enter hero's abilities submenu | 8 | |
| Give item / drop item | 3 | |
| Right click | 1412 | |
| Select / deselect | 543 | |
| Select group hotkey | 1547 | |
| Use ability | 217 | |
4212 total
» units
| Peasant | 35 | |
| Footman | 12 | |
| Dragonhawk Rider | 13 | |
| Sorceress | 1 | |
| Gryphon Rider | 5 | |
| Siege Engine | 3 | |
69 total
» upgrades
| Swords | 3 | |
| Masonry | 3 | |
| Lumber Harvesting | 2 | |
| Armor | 3 | |
| Animal War Training | 1 | |
| Cloud | 1 | |
| Sorceress Training | 2 | |
| Magic Sentry | 1 | |
| Storm Hammers | 1 | |
| Plating | 3 | |
| Gunpowder | 3 | |
| Barrage | 1 | |
| Flak Cannons | 1 | |
| Flying Machine Bombs | 1 | |
| Fragmentation Shards | 1 | |
| Flare | 1 | |
| Defend | 1 | |
| Long Rifles | 1 | |
| Backpack | 1 | |
| Priest Training | 2 | |
| Control Magic | 1 | |
34 total
» buildings
| Altar of Kings | 1 | |
| Barracks | 3 | |
| Farm | 15 | |
| Scout Tower | 41 | |
| Arcane Vault | 1 | |
| Town Hall | 3 | |
| Arcane Tower | 3 | |
| Keep | 3 | |
| Blacksmith | 1 | |
| Lumber Mill | 1 | |
| Guard Tower | 23 | |
| Castle | 5 | |
| Gryphon Aviary | 5 | |
| Arcane Sanctum | 1 | |
| Workshop | 2 | |
108 total
» build order
00:05 Altar of Kings
00:08 Barracks
00:10 Farm
00:53 Farm
01:39 Farm
02:27 Scout Tower
02:56 Arcane Vault
03:37 Town Hall
03:51 Arcane Tower
04:47 Scout Tower
05:01 Farm
05:15 Arcane Tower
05:28 Keep
05:28 Keep
05:28 Keep
05:57 Blacksmith
06:23 Farm
06:30 Lumber Mill
06:35 Scout Tower
06:37 Scout Tower
06:39 Scout Tower
06:41 Scout Tower
06:44 Scout Tower
07:31 Guard Tower
07:31 Guard Tower
08:24 Town Hall
08:38 Scout Tower
08:41 Scout Tower
08:46 Scout Tower
08:47 Scout Tower
09:10 Guard Tower
09:10 Guard Tower
09:10 Guard Tower
09:11 Guard Tower
09:16 Guard Tower
09:16 Guard Tower
09:17 Guard Tower
09:17 Guard Tower
09:17 Guard Tower
09:53 Scout Tower
09:55 Scout Tower
10:14 Castle
10:14 Castle
10:14 Castle
10:25 Guard Tower
10:25 Guard Tower
10:47 Guard Tower
11:00 Scout Tower
11:02 Scout Tower
11:09 Scout Tower
11:12 Scout Tower
11:30 Gryphon Aviary
11:53 Gryphon Aviary
12:19 Guard Tower
12:25 Arcane Tower
12:32 Guard Tower
13:16 Scout Tower
13:24 Farm
13:47 Arcane Sanctum
13:50 Guard Tower
14:07 Farm
14:09 Farm
16:26 Scout Tower
16:28 Farm
16:59 Guard Tower
19:18 Workshop
19:20 Workshop
28:03 Barracks
28:04 Barracks
28:06 Gryphon Aviary
28:07 Gryphon Aviary
28:08 Gryphon Aviary
30:41 Scout Tower
30:41 Scout Tower
30:42 Scout Tower
30:42 Scout Tower
30:43 Scout Tower
31:12 Farm
31:12 Farm
31:12 Farm
31:13 Farm
31:13 Farm
31:14 Farm
31:35 Guard Tower
31:35 Guard Tower
31:42 Town Hall
38:44 Scout Tower
39:41 Scout Tower
39:44 Scout Tower
39:46 Scout Tower
39:49 Scout Tower
40:15 Scout Tower
40:35 Scout Tower
41:10 Scout Tower
41:14 Scout Tower
41:18 Scout Tower
41:22 Scout Tower
41:25 Scout Tower
41:39 Scout Tower
41:42 Scout Tower
42:22 Scout Tower
42:57 Scout Tower
43:00 Scout Tower
» items
| Scroll of Regeneration | 10 | |
| Lesser Clarity Potion | 6 | |
| Potion of Healing | 1 | |
| Staff of Teleportation | 1 | |
| Potion of Invisibility | 3 | |
| Boots of Speed | 1 | |
| Potion of Mana | 3 | |
| Orb of Fire | 1 | |
| Scroll of Town Portal | 3 | |
| Orb of Corruption | 1 | |
30 total

»
IAmYourSexSlave (
orange | 24 APM | 1068 actions | 44:27)
3 Tauren Chieftain
1 Shockwave
2 Endurance Aura
» actions
| Assign group hotkey | 69 | |
| Build / train | 71 | |
| Enter build submenu | 34 | |
| Enter hero's abilities submenu | 4 | |
| Give item / drop item | 1 | |
| Remove unit from queue | 10 | |
| Right click | 377 | |
| Select / deselect | 323 | |
| Select group hotkey | 113 | |
| Use ability | 66 | |
1068 total
» units
| Peon | 22 | |
| Grunt | 7 | |
| Shaman | 1 | |
| Tauren | 4 | |
34 total
» upgrades
| Berserker Strength | 1 | |
| Shaman Training | 2 | |
| Melee Weapons | 1 | |
| Armor | 1 | |
| Pulverize | 1 | |
6 total
» buildings
| Altar of Storms | 1 | |
| Orc Burrow | 12 | |
| Barracks | 1 | |
| Stronghold | 2 | |
| War Mill | 2 | |
| Voodoo Lounge | 1 | |
| Great Hall | 2 | |
| Fortress | 1 | |
| Spirit Lodge | 2 | |
| Tauren Totem | 2 | |
| Watch Tower | 8 | |
34 total
» build order
00:15 Altar of Storms
00:18 Orc Burrow
00:22 Barracks
03:53 Stronghold
03:58 Orc Burrow
04:04 Orc Burrow
04:06 Orc Burrow
04:21 War Mill
04:25 Voodoo Lounge
06:11 Great Hall
08:10 Fortress
09:46 Spirit Lodge
11:25 Tauren Totem
11:28 Tauren Totem
11:32 Spirit Lodge
11:42 Orc Burrow
11:44 Orc Burrow
11:53 Orc Burrow
11:57 Orc Burrow
12:22 Watch Tower
12:24 Watch Tower
12:31 Watch Tower
12:36 Watch Tower
12:37 Watch Tower
12:39 Watch Tower
12:41 Watch Tower
12:43 Watch Tower
19:56 Orc Burrow
20:04 Orc Burrow
20:48 Orc Burrow
20:53 Orc Burrow
25:11 War Mill
32:37 Great Hall
» items
| Boots of Speed | 1 | |
| Periapt of Vitality | 1 | |
| Circlet of Nobility | 1 | |
| Potion of Healing | 1 | |
| Healing Salve | 5 | |
| Orb of Lightning | 1 | |
| Scroll of Town Portal | 4 | |
14 total
MCeigth (
blue | 47 APM | 2072 actions | 44:27)
7 Death Knight
2 Death Coil
3 Unholy Aura
1 Death Pact
1 Animate Dead
6 Lich
3 Frost Nova
2 Dark Ritual
1 Death and Decay
» actions
| Assign group hotkey | 31 | |
| Basic commands | 1 | |
| Build / train | 92 | |
| Enter build submenu | 27 | |
| Enter hero's abilities submenu | 13 | |
| Give item / drop item | 3 | |
| Remove unit from queue | 9 | |
| Right click | 1153 | |
| Select / deselect | 321 | |
| Select group hotkey | 324 | |
| Use ability | 98 | |
2072 total
» units
| Acolyte | 18 | |
| Ghoul | 6 | |
| Crypt Fiend | 10 | |
| Obsidian Statue | 3 | |
| Frost Wyrm | 8 | |
| Gargoyle | 5 | |
50 total
» upgrades
| Web | 1 | |
| Creature Attack | 3 | |
| Creature Carapace | 2 | |
| Freezing Breath | 1 | |
7 total
» buildings
| Crypt | 3 | |
| Altar of Darkness | 2 | |
| Ziggurat | 16 | |
| Graveyard | 1 | |
| Nerubian Tower | 1 | |
| Tomb of Relics | 1 | |
| Halls of the Dead | 1 | |
| Slaughterhouse | 1 | |
| Black Citadel | 1 | |
| Sacrificial Pit | 1 | |
| Boneyard | 2 | |
| Necropolis | 1 | |
31 total
» build order
00:12 Crypt
00:15 Altar of Darkness
00:41 Ziggurat
01:06 Graveyard
01:35 Ziggurat
01:39 Nerubian Tower
02:27 Tomb of Relics
04:23 Halls of the Dead
05:28 Ziggurat
05:33 Ziggurat
07:23 Slaughterhouse
07:50 Black Citadel
08:33 Sacrificial Pit
08:37 Ziggurat
08:38 Ziggurat
10:02 Ziggurat
10:31 Boneyard
10:33 Boneyard
15:02 Ziggurat
15:04 Ziggurat
29:06 Necropolis
30:27 Altar of Darkness
30:29 Ziggurat
30:30 Ziggurat
30:32 Ziggurat
32:56 Crypt
32:59 Crypt
33:03 Ziggurat
33:17 Halls of the Dead
34:57 Ziggurat
34:58 Ziggurat
34:59 Ziggurat
» items
| Rod of Necromancy | 1 | |
| Healing Salve | 1 | |
| Potion of Healing | 1 | |
| Scroll of Town Portal | 8 | |
| Orb of Lightning | 1 | |
| Scroll of Protection | 1 | |
| Scroll of Healing | 1 | |
14 total
zebra_forever (
green | 27 APM | 1208 actions | 44:27)
7 Blademaster
2 Wind Walk
2 Mirror Image
2 Critical Strike
1 Bladestorm
» actions
| Build / train | 129 | |
| Enter build submenu | 28 | |
| Enter hero's abilities submenu | 7 | |
| Give item / drop item | 1 | |
| Remove unit from queue | 8 | |
| Right click | 667 | |
| Select / deselect | 287 | |
| Use ability | 81 | |
1208 total
» units
| Peon | 21 | |
| Troll Headhunter/Berserker | 40 | |
| Shaman | 23 | |
| Troll Batrider | 14 | |
98 total
» upgrades
| Ranged Weapons | 1 | |
| Armor | 1 | |
| Troll Regeneration | 1 | |
| Shaman Training | 2 | |
| Liquid Fire | 1 | |
| Berserker Upgrade | 1 | |
| Spiked Barricades | 1 | |
8 total
» buildings
| Altar of Storms | 2 | |
| Orc Burrow | 11 | |
| War Mill | 2 | |
| Barracks | 2 | |
| Voodoo Lounge | 2 | |
| Stronghold | 2 | |
| Fortress | 1 | |
| Spirit Lodge | 2 | |
| Beastiary | 3 | |
| Great Hall | 1 | |
28 total
» build order
00:09 Altar of Storms
00:11 Orc Burrow
01:16 War Mill
01:28 Barracks
01:39 Orc Burrow
01:58 Voodoo Lounge
04:04 Orc Burrow
04:06 Stronghold
05:04 Orc Burrow
06:53 Fortress
06:56 Spirit Lodge
07:21 Beastiary
12:00 Orc Burrow
12:48 Orc Burrow
13:27 Orc Burrow
18:26 Great Hall
23:00 Altar of Storms
23:28 Orc Burrow
23:37 Barracks
23:56 Voodoo Lounge
24:03 War Mill
24:31 Orc Burrow
25:43 Stronghold
26:30 Orc Burrow
27:19 Orc Burrow
28:13 Spirit Lodge
29:58 Beastiary
30:10 Beastiary
» items
| Healing Salve | 2 | |
| Scroll of Town Portal | 1 | |
| Dust of Appearance | 1 | |
4 total
Chat log
(00:26 / All) 1nvictus: i need sexual favor
(00:30 / Allies) MCeigth: fiend frost
(00:31 / All) IAmYourSexSlave: Just say it
(00:40 / All) 1nvictus: :D
(01:00 / All) MCeigth: i want a rusty trombone oj
(01:25 / All) Warlord-l-: brace yourself infected b.net
(01:27 / All) MCeigth: do u know wat a rusty trombone is?
(01:41 / All) IAmYourSexSlave: I have no idea ... and something tells me I don't wanna know
(01:42 / All) 1nvictus: is derty stuf
(02:01 / All) Warlord-l-: listening norther and playing w3=epic
(02:19 / All) MCeigth: its a bj on the anus while wackin the dude off to simbelize a trombone
(02:23 / All) 1nvictus: norther is band
(02:25 / All) 1nvictus: ?
(02:29 / All) Warlord-l-: y
(02:35 / All) Warlord-l-: melodic death metal from finland :D
(02:38 / All) 1nvictus: metal?
(02:43 / All) Warlord-l-: y
(02:45 / All) 1nvictus: jezus
(02:47 / All) 1nvictus: xD
(02:52 / Allies) IAmYourSexSlave: I like Rock 'n' roll to Hard Rock but not metal
(02:58 / All) IAmYourSexSlave: I like rock 'n' roll to hard rock but not metal
(03:01 / All) Warlord-l-: they are the best melodeath band <3
(03:03 / All) MCeigth: i love the beatles!!!!!
(03:10 / All) IAmYourSexSlave: I love old Guns N' Roses
(03:18 / All) 1nvictus: ``
(03:19 / All) zebra_forever: me like king and shut'
(03:33 / All) Warlord-l-: i love metal and rock <3
(05:02 / Allies) MCeigth: who melee?
(05:08 / Allies) IAmYourSexSlave: Me
(05:11 / Allies) IAmYourSexSlave: Shamans and Tauren
(05:13 / Allies) MCeigth: k
(05:14 / Allies) IAmYourSexSlave: and some grunts maybe
(05:16 / Allies) MCeigth: expo then
(05:25 / Allies) IAmYourSexSlave: and maybe some witch docs
(05:35 / Allies) IAmYourSexSlave: and maybe some peons
(05:38 / Allies) IAmYourSexSlave: so i can get resources
(05:39 / Allies) IAmYourSexSlave: y'know?
(05:42 / Allies) IAmYourSexSlave: xD
(05:47 / Allies) MCeigth: no
(05:49 / Allies) MCeigth: u expo
(05:52 / Allies) MCeigth: like all of us
(05:57 / Allies) IAmYourSexSlave: i know...
(07:45 / Allies) IAmYourSexSlave: Poor trees
(09:29 / Allies) IAmYourSexSlave: do boots of spped stack
(09:35 / Allies) DSSN: no
(09:36 / Allies) IAmYourSexSlave: speed
(09:38 / Allies) IAmYourSexSlave: k
(10:31 / Allies) zebra_forever: pls wood
(13:03 / Allies) zebra_forever: go
(13:07 / All) 1nvictus: kill prpl noob hero
(14:07 / Allies) zebra_forever: i run
(16:20 / All) 1nvictus: now
(16:54 / All) 1nvictus: pf
(17:12 / All) Nyzen-PROGAMER: yellow and teal have 3700 gold
(17:19 / All) MCeigth: my allies noob too
(17:21 / All) 1nvictus: im jew
(17:27 / All) IAmYourSexSlave: haha
(17:30 / All) IAmYourSexSlave: yellow is at least funny
(17:32 / All) 1nvictus: i mast have the money
(17:47 / All) zebra_forever: :D U pro?4
(18:49 / Allies) IAmYourSexSlave: how did my peon end up there
(19:26 / Allies) IAmYourSexSlave: make anti air
(19:29 / Allies) IAmYourSexSlave: i said i will do melee.
(19:55 / All) 1nvictus: gold plz
(19:55 / Allies) MCeigth: all meet
(19:57 / Allies) MCeigth: or gg
(20:10 / Allies) IAmYourSexSlave: good games are good
(20:15 / Allies) IAmYourSexSlave: obviously
(20:16 / Allies) IAmYourSexSlave: ;P
(20:28 / Allies) MCeigth: go
(20:29 / Allies) MCeigth: all
(20:30 / Allies) MCeigth: purp
(20:31 / Allies) MCeigth: come
(20:37 / Allies) IAmYourSexSlave: purple
(20:38 / Allies) IAmYourSexSlave: wait for me
(20:39 / All) 1nvictus: b
(20:39 / All) 1nvictus: b
(20:39 / All) 1nvictus: b
(20:40 / Allies) IAmYourSexSlave: you need my tauren
(20:42 / Allies) DSSN: they are hitting me
(21:11 / All) Nyzen-PROGAMER: ok
(21:14 / All) Nyzen-PROGAMER: teal is total noob
(21:25 / All) DSSN: easy
(21:26 / All) DSSN: not 1 unit lost
(21:27 / All) DSSN: bye
(22:07 / Allies) MCeigth: tp
(22:08 / Allies) MCeigth: purp
(22:10 / All) Nyzen-PROGAMER: ofc
(22:10 / Allies) MCeigth: ogogo
(22:14 / All) 1nvictus: im not sur
(22:17 / All) Nyzen-PROGAMER: teal refuse to play with us
(22:25 / All) DSSN: teal was the best player on your team
(22:32 / All) Nyzen-PROGAMER: oh yes !
(22:33 / All) DSSN: nice acolyte control when I flame striked
(22:34 / All) Nyzen-PROGAMER: ofc
(22:38 / All) Nyzen-PROGAMER: and ?
(22:43 / All) 1nvictus: u facie him
(22:54 / All) IAmYourSexSlave: TAUREN!!!
(23:04 / All) Nyzen-PROGAMER: he back when we rush u, it's a mega noob, that's all
(23:16 / All) DSSN: you rushed this game? oh, I didn't even notice
(23:26 / All) Warlord-l-: my team sucks
(23:30 / All) DSSN: you are a part of it
(23:30 / All) Warlord-l-: game it's lsot
(23:31 / All) Nyzen-PROGAMER: shut up poor noob
(23:43 / All) Nyzen-PROGAMER: u make mass towers like a noob and u think u was a pro ? XD
(24:00 / All) MCeigth: ya purp was noob
(24:06 / All) Nyzen-PROGAMER: ofc
(24:09 / All) MCeigth: u too red
(24:10 / All) DSSN: i did more than you did all game with just my blood mage
(24:15 / All) Nyzen-PROGAMER: why blue ?
(24:17 / All) Nyzen-PROGAMER: tell me
(24:24 / All) MCeigth: ur hero level
(24:26 / All) MCeigth: u noob
(24:32 / All) Nyzen-PROGAMER: and ?
(24:36 / All) DSSN: oh, hero level is all skill is now?
(24:42 / All) Nyzen-PROGAMER: i lose my base in first idiot
(24:50 / All) Nyzen-PROGAMER: so it's normal if i have low lvl hero
(24:51 / All) DSSN: red was better than you, blue
(25:00 / All) MCeigth: lol
(25:20 / All) Nyzen-PROGAMER: blue suck
(25:30 / All) MCeigth: jealous noob?
(25:31 / All) Nyzen-PROGAMER: 4 players like me in my team and u are total dead
(25:39 / All) MCeigth: lol level 5 hero
(25:41 / All) MCeigth: noobn
(25:43 / All) Nyzen-PROGAMER: bye bye noob
(26:12 / Allies) MCeigth: wtf
(26:14 / Allies) DSSN: Hello
(26:15 / Allies) MCeigth: we dont win yet
(26:16 / Allies) MCeigth: noob
(26:36 / All) DSSN: I'm backstabbing blue btw
(26:47 / All) IAmYourSexSlave: Enjoy CD-key ban
(26:51 / All) DSSN: lol
(26:55 / All) DSSN: I've gotten that said to me at least 30 times
(27:02 / All) DSSN: I have 3 CD keys anyway
(27:02 / All) MCeigth: u know ur a noob wen u get hurt bein called a noob like purp
(27:03 / All) IAmYourSexSlave: You will get it now
(27:06 / All) IAmYourSexSlave: And IP ban
(27:07 / All) DSSN: Sure I will, sport
(27:09 / All) IAmYourSexSlave: And lawsuit in real life
(27:12 / All) IAmYourSexSlave: You will lose all your money
(27:15 / All) MCeigth: ty oj
(27:16 / All) IAmYourSexSlave: And u will be homeless
(27:18 / All) Warlord-l-: u can't get ban on b.net;)
(27:19 / All) IAmYourSexSlave: And u will die on the streets
(27:20 / All) DSSN: lol
(27:24 / All) IAmYourSexSlave: and then
(27:29 / All) IAmYourSexSlave: YOu will be criminally prosecuted
(27:32 / All) IAmYourSexSlave: And lethal injections
(27:37 / All) IAmYourSexSlave: Will go down into your veins
(27:39 / All) IAmYourSexSlave: And you will die
(27:40 / All) DSSN: For backstabbing in WC3?
(27:44 / All) IAmYourSexSlave: Yes
(27:47 / Allies) MCeigth: yellow
(27:49 / All) DSSN: Okay buddy
(28:12 / Allies) MCeigth: purp do somethin man
(28:15 / Allies) MCeigth: shit
(28:18 / Allies) DSSN: I am
(28:23 / Allies) DSSN: We shall win now
(28:25 / Allies) MCeigth: am i the only one winnin?
(28:57 / All) IAmYourSexSlave: I am Salman bin Abdul Azis, son of Abdullah bin Abdul Azis - King of Saudi Arabia
(29:01 / All) IAmYourSexSlave: I am his eldest son
(29:04 / All) IAmYourSexSlave: And I will have you killed
(29:10 / All) DSSN: are you a Nigerian prince?
(29:16 / Allies) MCeigth: b
(29:16 / Allies) MCeigth: b
(29:16 / Allies) MCeigth: b
(29:17 / Allies) MCeigth: b
(29:17 / Allies) MCeigth: b
(29:17 / All) IAmYourSexSlave: I am crown prince of Saudi Arabia
(29:30 / All) IAmYourSexSlave: The richest country in the world, asshole
(29:38 / Allies) MCeigth: see why u tk? we coulda won noob
(29:41 / All) DSSN: actually Qatar and Luxembourg are the richest countries
(29:43 / All) IAmYourSexSlave: U.S. presidents come here begging us to reduce oil prices
(30:00 / All) IAmYourSexSlave: We can kill anyone we want to
(30:50 / All) MCeigth: gg ur luky purp was so noob he thought i was enemy
(31:01 / Allies) DSSN: it's not over yet
(31:16 / All) Nyzen-PROGAMER: he make mass bats, but he never use them during the fight
(31:17 / All) MCeigth: i prefer green over purp anyday
(31:21 / All) MCeigth: i know lol
(31:26 / All) MCeigth: he dont use bats lol
(32:15 / Allies) IAmYourSexSlave: purpleeee
(32:20 / Allies) DSSN: yeah?
(32:23 / All) MCeigth: i coulda sworn u guys r winiing!
(32:24 / All) Warlord-l-: pfff
(32:26 / All) Warlord-l-: i am alone
(32:28 / Allies) IAmYourSexSlave: you will die by decapitation
(32:34 / Allies) DSSN: oh really?
(32:37 / Allies) IAmYourSexSlave: yes
(32:38 / Allies) DSSN: do the sand niggers still do that?
(32:44 / Allies) IAmYourSexSlave: sand niggers?
(32:47 / Allies) DSSN: yeah
(32:48 / Allies) DSSN: your kind
(32:50 / Allies) IAmYourSexSlave: U.S. presidents come here
(32:54 / Allies) IAmYourSexSlave: begging us to reduce oil prices
(33:01 / Allies) IAmYourSexSlave: they kiss our asses
(33:21 / Allies) IAmYourSexSlave: The world is slave to us because of our oil
(33:22 / All) Warlord-l-: why u run dude?
(33:24 / All) Warlord-l-: face me
(33:25 / All) Warlord-l-: last fight
(33:41 / Allies) IAmYourSexSlave: better just kill his buildings
(34:03 / All) IAmYourSexSlave: Looks like purp
(34:06 / All) IAmYourSexSlave: Is gonna TK me again
(34:10 / All) DSSN: I'm not
(34:14 / All) DSSN: tempted to though
(34:26 / All) Warlord-l-: fight me
(34:40 / All) DSSN: What are you wearing?
(35:21 / Allies) IAmYourSexSlave: blue
(35:27 / Allies) IAmYourSexSlave: save acos
(37:34 / Allies) IAmYourSexSlave: his hyppos are 0-1
(37:39 / Allies) IAmYourSexSlave: maybe you can kill his army
(37:44 / All) Warlord-l-: fuck i am alone
(37:51 / Allies) DSSN: you think so?
(37:52 / All) MCeigth: gg
(37:55 / Allies) IAmYourSexSlave: i don't know
(37:56 / All) DSSN: not over yet
(38:02 / All) MCeigth: no u cant win purp
(38:04 / All) Warlord-l-: purp knows
(38:06 / Allies) MCeigth: mass towers
(38:24 / Allies) IAmYourSexSlave: u know
(38:29 / Allies) IAmYourSexSlave: if u bind all his wyrms
(38:31 / Allies) zebra_forever: quickly!!
(38:33 / Allies) IAmYourSexSlave: with you dragonhawks
(38:37 / Allies) IAmYourSexSlave: and you and green use heroes
(38:39 / Allies) IAmYourSexSlave: to kill dryads
(38:41 / Allies) IAmYourSexSlave: u can win that way
(38:51 / Allies) MCeigth: if u kill dryads i can dk revive
(38:53 / Allies) DSSN: rather be safe and kill all buildings
(38:56 / Allies) DSSN: if they hit my t3 base I will tp
(39:02 / Allies) MCeigth: all tp
(39:05 / Allies) MCeigth: wen they hit
(39:10 / Allies) IAmYourSexSlave: yes
(39:14 / Allies) IAmYourSexSlave: make sure your heros don't die blue
(39:15 / Allies) IAmYourSexSlave: heroes*
(39:16 / Allies) IAmYourSexSlave: ok?
(39:27 / Allies) IAmYourSexSlave: especially DK
(40:36 / Allies) IAmYourSexSlave: gryphons and wyrms
(40:41 / Allies) MCeigth: purp im stuk
(40:43 / Allies) MCeigth: wtf
(41:00 / Allies) IAmYourSexSlave: they can't attack dryads;[
(41:22 / Allies) MCeigth: b
(41:23 / Allies) MCeigth: care
(41:46 / Allies) MCeigth: b
(41:50 / Allies) MCeigth: b
(42:02 / Allies) MCeigth: b
(42:02 / Allies) MCeigth: b
(42:02 / Allies) MCeigth: b
(42:05 / Allies) IAmYourSexSlave: green
(42:06 / Allies) IAmYourSexSlave: kILL IT
(42:07 / Allies) IAmYourSexSlave: GREEN
(42:09 / Allies) IAmYourSexSlave: KLL IT
(42:13 / Allies) IAmYourSexSlave: bladestorm
(42:32 / Allies) IAmYourSexSlave: i think that is last one
(42:33 / Allies) zebra_forever: mana
(42:48 / Allies) IAmYourSexSlave: u shouldn't have used illusions
(42:54 / Allies) MCeigth: i will kill it
(42:57 / Allies) MCeigth: if they move
(43:12 / Allies) DSSN: I'll kill their army. If it fails I'll remax using my 3,000 gold
(43:21 / Allies) IAmYourSexSlave: but can u do it
(43:23 / Allies) IAmYourSexSlave: fast enough
(43:28 / Allies) IAmYourSexSlave: ok ok
(43:30 / Allies) IAmYourSexSlave: DO IT
(43:35 / Allies) IAmYourSexSlave: it's the best way
(43:36 / Allies) IAmYourSexSlave: because
(43:36 / Allies) DSSN: come blue
(43:40 / Allies) IAmYourSexSlave: even if u kill just 50% of their army
(43:41 / Allies) IAmYourSexSlave: it's a win
(43:44 / Allies) IAmYourSexSlave: cuz they don't have a real base
(43:51 / Allies) DSSN: wait
(43:52 / Allies) DSSN: my tanks
(43:56 / Allies) MCeigth: purp
(44:02 / Allies) MCeigth: ill kill base
(44:25 / All) DSSN: gg
(44:26 / All) IAmYourSexSlave: GG